 Dungeon Sprint DCSS version 0.16.2-2-g470672f (webtiles) character file.

1010 ericwiseman123 the Grappler (level 8, -5/83 (92) HPs)
             Began as a Troll Berserker on Aug 30, 2015.
             Was a High Priest of Trog.
             Slain by a deep elf fighter
             ... wielding a cursed -3 long sword
              (6 damage)
             ... in the Dungeon (Sprint VII: "The Pits").
             The game lasted 00:04:21 (938 turns).

ericwiseman123 the Grappler (Troll Berserker)        Turns: 938, Time: 00:04:22

HP:   -5/83 (92)    AC:  5    Str: 28      XL:     8   Next: 1%
MP:   3/3           EV: 12    Int:  1 (3)  God:    Trog [*****.]
Gold: 0             SH:  0    Dex:  9      Spells: 0 memorised, 7 levels left

rFire  . . .     SeeInvis .       - Unarmed
rCold  . . .     Clarity  .     b - +0 animal skin
rNeg   . . .     SustAb   .     (shield restricted)
rPois  .         Gourm    +     (helmet restricted)
rElec  .         Spirit   .     (no cloak)
rCorr  .         Warding  .     (gloves unavailable)
rMut   .         NoTele   +     (boots unavailable)
MR     ++...                    (no amulet)
Stlth  +.........               (no ring)
                                (no ring)

@: lethally poisoned (-5 -> -5), exhausted, regenerating, slowed, very slow,
very resistant to hostile enchantments, very unstealthy
A: unfitting armour, claws 3, fast metabolism 3, gourmand, regeneration 2,
shaggy fur 1, tough skin 2
a: Burn Spellbooks, Berserk, Trog's Hand, Brothers in Arms, Renounce Religion


You were in the Dungeon.
You worshipped Trog.
Trog was extremely pleased with you.
You were full.

You visited 1 branch

Inventory:

Hand weapons
 n - a +2 shortbow of flaming
Armour
 b - a +0 animal skin (worn)
Scrolls
 h - a scroll of blinking
 l - 3 scrolls of remove curse
 m - a scroll of summoning
Potions
 c - 6 potions of curing
 e - a potion of haste
 f - 4 potions of magic
 g - 3 potions of berserk rage
 k - 2 potions of invisibility
Comestibles
 a - 9 meat rations
 i - 40 fruits
 j - 5 bread rations


   Skills:
 + Level 9.2 Fighting
 + Level 3.3 Armour
 + Level 7.9 Dodging
 + Level 1.0 Stealth
 + Level 10.3 Unarmed Combat


You had 7 spell levels left.
You didn't know any spells.

Dungeon Overview and Level Annotations

Branches:
Dungeon (1/1)

Altars:
Ashenzari
Cheibriados
Dithmenos
Elyvilon
Fedhas
Kikubaaqudgha
Makhleb
Nemelex Xobeh
Okawaru
Ru
Sif Muna
Trog
Vehumet
Xom
Yredelemnul
Zin
The Shining One
Beogh
Jiyva
Lugonu

Annotations:
D Erica


Innate Abilities, Weirdness & Mutations

You are too large for most types of armour.
You have claws for hands.
Your metabolism is lightning-fast.
You like to eat raw meat.
You heal very quickly.
You are covered in fur (AC +1).
You have very tough skin (AC +2).


Message History

Erica burns you.
* * * LOW HITPOINT WARNING * * *
Drink which item? (? for menu, Esc to quit)
You feel much better.
You feel sick.
You hear some strange, mumbled words.
The puff of flame hits you!
* * * LOW HITPOINT WARNING * * *
Something hits you.
* * * LOW HITPOINT WARNING * * *
Erica hits you with a scimitar of flaming!
* * * LOW HITPOINT WARNING * * *
Erica burns you.
* * * LOW HITPOINT WARNING * * *
Use which ability? (? or * to list)
Your skin crawls.
You feel resistant to hostile enchantments.
You feel slightly less full.
You feel sick. Something hits you!
* * * LOW HITPOINT WARNING * * *
Erica completely misses you. Something hits you.
You die...

#)#.....#'###...<...#
#.#........##.......#
#.#........##.......#
#'###########.......#
#..#.#.##..##########
#.......#.######
##.#.#.##)#....#
#.......#'#....#
##.#.#.##)'.@..+
#.......#'#@...#
##.#.#..'.#....#
###############


You could see Erica.

Vanquished Creatures
  A demonic crawler (D)
  Grum (D)
  A warg (D)
  A necrophage (D)
  3 wights (D)
  A hound (D)
  3 gnolls (D)
  A giant mite (D)
  A worm (D)
  An adder zombie (D)
  An orc (D)
  A ball python (D)
  A bat skeleton (D)
  2 goblins (D)
  A bat (D)
  2 jackals (D)
  A kobold (D)
23 creatures vanquished.

Vanquished Creatures (collateral kills)
  A deep elf fighter (D)
  Edmund (D)
  A brain worm (D)
  A scorpion (D)
  A wight (D)
  A gnoll shaman (D)
  A gnoll (D)
7 creatures vanquished.

Grand Total: 30 creatures vanquished

Notes
Turn   | Place    | Note
--------------------------------------------------------------
     0 | D        | ericwiseman123, the Troll Berserker, began the quest for the Orb.
     0 | D        | Reached XP level 1. HP: 22/22 MP: 1/1
    28 | D        | Found a sacrificial altar of Ru.
    28 | D        | Found a basalt altar of Yredelemnul.
    28 | D        | Found a shadowy altar of Dithmenos.
    28 | D        | Found a deep blue altar of Sif Muna.
    28 | D        | Found a burning altar of Makhleb.
    28 | D        | Found a shimmering altar of Xom.
    28 | D        | Found an ancient bone altar of Kikubaaqudgha.
    28 | D        | Found a sparkling altar of Nemelex Xobeh.
    29 | D        | Found a glowing golden altar of the Shining One.
    29 | D        | Found a bloodstained altar of Trog.
    29 | D        | Found a shattered altar of Ashenzari.
    29 | D        | Found a white marble altar of Elyvilon.
    29 | D        | Found a snail-covered altar of Cheibriados.
    29 | D        | Found a blossoming altar of Fedhas.
    29 | D        | Found a radiant altar of Vehumet.
    29 | D        | Found a glowing silver altar of Zin.
    29 | D        | Found a corrupted altar of Lugonu.
    29 | D        | Found a viscous altar of Jiyva.
    29 | D        | Found a roughly hewn altar of Beogh.
    29 | D        | Found an iron altar of Okawaru.
    55 | D        | Acquired Trog's second power
    75 | D        | Reached skill level 4 in Unarmed Combat
    75 | D        | Reached XP level 2. HP: 25/31 MP: 1/1
   189 | D        | Noticed a necrophage
   195 | D        | Acquired Trog's third power
   202 | D        | Killed a necrophage
   202 | D        | Reached skill level 5 in Fighting
   202 | D        | Reached skill level 6 in Unarmed Combat
   202 | D        | Reached XP level 3. HP: 18/40 MP: 2/2
   202 | D        | Reached XP level 4. HP: 21/48 MP: 2/2
   545 | D        | Noticed a wight
   545 | D        | Noticed a wight
   545 | D        | Noticed a wight
   546 | D        | Noticed a wight
   547 | D        | Noticed a scorpion
   558 | D        | Killed a wight
   558 | D        | Reached XP level 5. HP: 34/50 MP: 2/2
   564 | D        | Killed a wight
   564 | D        | Reached skill level 7 in Unarmed Combat
   576 | D        | Killed a wight
   579 | D        | Noticed a gnoll shaman
   606 | D        | Killed a wight
   606 | D        | Reached skill level 8 in Unarmed Combat
   606 | D        | Reached XP level 6. HP: 18/62 MP: 3/3
   606 | D        | Killed a scorpion
   606 | D        | Reached skill level 5 in Dodging
   608 | D        | Killed a gnoll shaman
   688 | D        | Received a gift from Trog
   699 | D        | Noticed a hound
   702 | D        | Killed a hound
   717 | D        | Noticed Grum
   723 | D        | HP: 2/62 [Grum/spear (16)]
   727 | D        | Killed Grum
   727 | D        | Reached skill level 9 in Unarmed Combat
   729 | D        | Noticed Edmund
   729 | D        | Noticed a brain worm
   729 | D        | Noticed a deep elf fighter
   729 | D        | Noticed a warg
   732 | D        | Killed a warg
   732 | D        | Reached XP level 7. HP: 64/72 MP: 3/3
   743 | D        | Killed a deep elf fighter
   744 | D        | Killed Edmund
   747 | D        | Killed a brain worm
   747 | D        | Reached skill level 10 in Unarmed Combat
   914 | D        | Noticed a deep elf fighter
   914 | D        | Noticed Erica
   914 | D        | Noticed a demonic crawler
   922 | D        | Killed a demonic crawler
   922 | D        | Reached skill level 1 in Stealth
   922 | D        | Reached XP level 8. HP: 65/83 MP: 3/3
   932 | D        | HP: 3/124 [Erica/scimitar of flaming (11)]
   933 | D        | HP: 1/83 [poisoned by Erica (bolt of poison)]
   938 | D        | HP: 1/83 [something (7)]
   938 | D        | Slain by a deep elf fighter

Action                   |  1- 3 |  4- 6 |  7- 9 || total
-------------------------+-------+-------+-------++-------
Melee: Unarmed           |    30 |    38 |    15 ||    83
Invok: Trog's Hand       |       |     2 |     1 ||     3
       Berserk           |       |     2 |     1 ||     3
       Brothers in Arms  |       |     1 |     1 ||     2
  Use: Potion            |       |     2 |     4 ||     6
  Eat: Bread ration      |     1 |       |     1 ||     2
       Chunk             |       |     2 |     4 ||     6
